[Event "Czech Open GM 2020"]
[Site "Pardubice"]
[Date "2020.09.25"]
[Round "5.4"]
[White "Vrolijk, Liam"]
[Black "Jarmula, Lukasz"]
[Result "1/2-1/2"]
[ECO "D20"]
[WhiteElo "2481"]
[BlackElo "2444"]
[Annotator "ChessBase"]
[PlyCount "63"]
[EventDate "2020.09.21"]
[EventCountry "CZE"]
[SourceTitle "playchess.com"]
[Source "ChessBase"]
[SourceQuality "1"]
[TimeControl "40/5400+30:1800+30"]

1. d4 d5 2. c4 dxc4 3. e4 e5 4. Nf3 exd4 5. Bxc4 Nc6 6. O-O Be6 7. Bb5 Bc5 8. b4 Bb6 9. a4 a6 10. Bxc6+ bxc6 11. a5 Ba7 12. Bb2 Nf6 13. Bxd4 Nxe4 14. Bxa7 Qxd1 15. Rxd1 Rxa7 16. Nd4 c5 17. Nc6 Ra8 18. f3 Nd6 19. bxc5 Nb7 20. Rc1 O-O 21. Nd2 Rfe8 22. Kf2 f6 23. Rab1 Nd8 24. Nb4 Nb7 25. Nc6 Nd8 26. Nb4 Nb7 27. Ra1 Reb8 28. Nc6 Re8 29. Ra3 Bf7 30. Rd3 Re6 31. Nd4 Ree8 32. Nc6 1/2-1/2

[Event "Czech Open GM 2020"]
[Site "Pardubice"]
[Date "2020.09.25"]
[Round "5.5"]
[White "Krasteva, Beloslava"]
[Black "Kevlishvili, Robby"]
[Result "0-1"]
[ECO "E48"]
[WhiteElo "2296"]
[BlackElo "2478"]
[Annotator "ChessBase"]
[PlyCount "70"]
[EventDate "2020.09.21"]
[EventCountry "CZE"]
[SourceTitle "playchess.com"]
[Source "ChessBase"]
[SourceQuality "1"]
[TimeControl "40/5400+30:1800+30"]

1. d4 Nf6 2. c4 e6 3. Nc3 Bb4 4. e3 O-O 5. Bd3 d5 6. cxd5 exd5 7. Nge2 Re8 8. Bd2 c5 9. a3 Bxc3 10. Bxc3 c4 11. Bc2 Nc6 12. O-O Bg4 13. b3 Na5 14. Bxa5 Qxa5 15. bxc4 dxc4 16. f3 Bd7 17. e4 b5 18. Qe1 Qb6 19. Kh1 a5 20. Qh4 g6 21. e5 Nd5 22. Qh6 f5 23. exf6 Qxf6 24. Be4 Bc6 25. Ng3 Rad8 26. Nh5 Qf8 27. Qg5 Qe7 28. Qg3 Kh8 29. Rfe1 Qd6 30. Bxd5 Qxg3 31. Rxe8+ Bxe8 32. hxg3 gxh5 33. Re1 Bg6 34. Re5 c3 35. Bb3 a4 0-1

[Event "Czech Open GM 2020"]
[Site "Pardubice"]
[Date "2020.09.25"]
[Round "5.6"]
[White "Plat, Vojtech"]
[Black "Vokac, Marek"]
[Result "1-0"]
[ECO "B22"]
[WhiteElo "2566"]
[BlackElo "2365"]
[Annotator "ChessBase"]
[PlyCount "117"]
[EventDate "2020.09.21"]
[EventCountry "CZE"]
[SourceTitle "playchess.com"]
[Source "ChessBase"]
[SourceQuality "1"]
[TimeControl "40/5400+30:1800+30"]

1. e4 c5 2. Nf3 Nc6 3. c3 d5 4. exd5 Qxd5 5. d4 Bg4 6. Be2 cxd4 7. cxd4 e6 8. Nc3 Qa5 9. O-O Nf6 10. h3 Bh5 11. a3 Be7 12. Be3 O-O 13. b4 Qd8 14. Rc1 Rc8 15. g4 Bg6 16. Ne5 a5 17. Nxg6 hxg6 18. b5 Nb8 19. Qb3 Qd6 20. Ra1 Rfd8 21. Bf3 Nd5 22. Nxd5 exd5 23. Rfc1 Rxc1+ 24. Rxc1 b6 25. a4 f5 26. Re1 Kf8 27. Bc1 Qb4 28. Qxb4 axb4 29. Bf4 Nd7 30. g5 b3 31. Bxd5 b2 32. Rb1 Ba3 33. Bc6 Ke7 34. Re1+ Kf7 35. Kf1 Re8 36. Rb1 Re7 37. Bd2 Nf8 38. a5 bxa5 39. b6 Nd7 40. Bxa5 Ke6 41. b7 Nb8 42. d5+ Kd6 43. Bd2 Re4 44. Bc3 Kc7 45. Bxb2 Be7 46. Rc1 Nxc6 47. Rxc6+ Kxb7 48. Rxg6 Bc5 49. Rxg7+ Kb6 50. Rg6+ Kb5 51. Re6 Rb4 52. Re2 f4 53. g6 f3 54. Rd2 Kc4 55. g7 Rb8 56. d6 Bb4 57. Rd4+ Kb3 58. d7 Be7 59. d8=Q 1-0

[Event "Czech Open GM 2020"]
[Site "Pardubice"]
[Date "2020.09.25"]
[Round "5.7"]
[White "Finek, Vaclav"]
[Black "Mendonca, Leon Luke"]
[Result "1/2-1/2"]
[ECO "A30"]
[WhiteElo "2344"]
[BlackElo "2490"]
[Annotator "ChessBase"]
[PlyCount "81"]
[EventDate "2020.09.21"]
[EventCountry "CZE"]
[SourceTitle "playchess.com"]
[Source "ChessBase"]
[SourceQuality "1"]
[TimeControl "40/5400+30:1800+30"]

1. Nf3 Nf6 2. c4 c5 3. Nc3 b6 4. g3 Bb7 5. Bg2 e6 6. O-O Be7 7. Re1 a6 8. e4 d6 9. d4 cxd4 10. Nxd4 Qc7 11. Be3 Nbd7 12. f4 O-O 13. Rc1 Rac8 14. b3 Rfe8 15. Bf2 Bf8 16. g4 e5 17. Nc2 g6 18. f5 b5 19. Ne3 b4 20. Ncd5 Bxd5 21. Nxd5 Nxd5 22. Qxd5 Nf6 23. Qd1 Bh6 24. Rc2 Bf4 25. h4 h6 26. Rf1 g5 27. Bf3 Kg7 28. Kg2 Rh8 29. Rh1 Qc6 30. Re2 a5 31. Ree1 Rhe8 32. Qe2 Rb8 33. Rd1 Rbd8 34. Rd3 Rd7 35. Rhd1 Qc7 36. Qe1 Rb8 37. Qe2 Re8 38. Qe1 Rb8 39. Qe2 Kg8 40. Rh1 Rbd8 41. Be3 1/2-1/2

[Event "Czech Open GM 2020"]
[Site "Pardubice"]
[Date "2020.09.25"]
[Round "5.8"]
[White "Petr, Martin"]
[Black "Storme, Isak"]
[Result "1-0"]
[ECO "C45"]
[WhiteElo "2484"]
[BlackElo "2353"]
[Annotator "ChessBase"]
[PlyCount "103"]
[EventDate "2020.09.21"]
[EventCountry "CZE"]
[SourceTitle "playchess.com"]
[Source "ChessBase"]
[SourceQuality "1"]
[TimeControl "40/5400+30:1800+30"]

1. e4 e5 2. Nf3 Nc6 3. d4 exd4 4. Nxd4 Nf6 5. Nxc6 bxc6 6. e5 Qe7 7. Qe2 Nd5 8. h4 Qe6 9. g3 d6 10. c4 Nb6 11. Bf4 dxe5 12. Qxe5 Bb4+ 13. Nd2 O-O 14. Qxe6 Bxe6 15. O-O-O Bxd2+ 16. Rxd2 Nxc4 17. Rc2 Bd5 18. Rg1 Nd6 19. Bg2 Bxg2 20. Rxg2 Rfe8 21. Rg1 Nf5 22. Rd1 Re6 23. Bxc7 h5 24. Rc5 g6 25. Ra5 Re2 26. Rd2 Re1+ 27. Kc2 Rc8 28. Be5 c5 29. Bc3 Nd4+ 30. Bxd4 cxd4+ 31. Kd3 Rc7 32. Ra4 Kg7 33. Rxd4 Rb7 34. Rc4 Rbe7 35. b3 f6 36. Kc3 Rf1 37. b4 g5 38. a4 Kg6 39. b5 Rb1 40. hxg5 fxg5 41. Rd6+ Kf5 42. Rd5+ Re5 43. g4+ hxg4 44. Rxe5+ Kxe5 45. Rxg4 Kf5 46. Rd4 Rc1+ 47. Kb4 Rc7 48. a5 g4 49. b6 axb6 50. axb6 Rf7 51. Kc5 Kg5 52. Rd2 1-0

[Event "Czech Open GM 2020"]
[Site "Pardubice"]
[Date "2020.09.25"]
[Round "5.9"]
[White "Zwardon, Vojtech"]
[Black "Leeb, Simon"]
[Result "1-0"]
[ECO "D90"]
[WhiteElo "2455"]
[BlackElo "2234"]
[Annotator "ChessBase"]
[PlyCount "63"]
[EventDate "2020.09.21"]
[EventCountry "CZE"]
[SourceTitle "playchess.com"]
[Source "ChessBase"]
[SourceQuality "1"]
[TimeControl "40/5400+30:1800+30"]

1. c4 c6 2. Nc3 Nf6 3. d4 d5 4. cxd5 Nxd5 5. Nf3 g6 6. e4 Nb6 7. Be2 Bg4 8. a4 Bg7 9. a5 Bxf3 10. gxf3 Nc8 11. Be3 O-O 12. f4 Nd6 13. Qc2 e6 14. h4 h5 15. Qb3 a6 16. Qb4 Nb5 17. Rd1 Qc8 18. Na4 Nd7 19. f5 exf5 20. exf5 Nf6 21. fxg6 Nd5 22. Qb3 fxg6 23. Nb6 Qf5 24. Nxd5 cxd5 25. Rg1 Nxd4 26. Rxd4 Bxd4 27. Bxd4 Rae8 28. Be3 Kh7 29. Rg5 Qb1+ 30. Kd2 d4 31. Qxb7+ Kh6 32. Rxh5# 1-0

[Event "Czech Open GM 2020"]
[Site "Pardubice"]
[Date "2020.09.25"]
[Round "5.10"]
[White "Jurcik, Marian"]
[Black "Ochedzan, Tymon"]
[Result "1-0"]
[ECO "B12"]
[WhiteElo "2426"]
[BlackElo "2214"]
[Annotator "NA"]
[PlyCount "55"]
[EventDate "2020.09.21"]
[EventCountry "CZE"]
[SourceTitle "playchess.com"]
[Source "ChessBase"]
[SourceQuality "1"]
[TimeControl "40/5400+30:1800+30"]

1. e4 c6 2. d4 d5 3. e5 c5 4. dxc5 e6 5. Nf3 Bxc5 6. Bd3 Ne7 7. O-O Ng6 8. Nbd2 O-O 9. Nb3 Be7 10. Re1 Nc6 11. c3 b6 12. Nbd4 Bb7 13. Nxc6 Bxc6 14. Nd4 Qd7 15. Qh5 Bc5 16. Re3 f5 17. exf6 Rxf6 18. Rh3 Nf8 19. Bxh7+ Nxh7 20. Qxh7+ Kf8 21. Bg5 Bxd4 22. cxd4 Rf5 23. Qg6 Kg8 24. g4 Rff8 25. Re1 e5 26. Qh7+ Kf7 27. Rf3+ Ke8 28. Rxe5+ 1-0

[Event "Czech Open GM 2020"]
[Site "Pardubice"]
[Date "2020.09.25"]
[Round "5.11"]
[White "Rocco, Federico"]
[Black "Pantzar, Milton"]
[Result "1-0"]
[ECO "B12"]
[WhiteElo "2123"]
[BlackElo "2424"]
[Annotator "NA"]
[PlyCount "67"]
[EventDate "2020.09.21"]
[EventCountry "CZE"]
[SourceTitle "playchess.com"]
[Source "ChessBase"]
[SourceQuality "1"]
[TimeControl "40/5400+30:1800+30"]

1. e4 c6 2. d4 d5 3. e5 c5 4. dxc5 e6 5. Nf3 Bxc5 6. Bd3 Ne7 7. a3 a6 8. b4 Ba7 9. O-O Nbc6 10. Nbd2 Ng6 11. Bxg6 fxg6 12. c4 O-O 13. Qb3 g5 14. h3 h5 15. Bb2 g4 16. Nh2 Qg5 17. Rad1 Nxe5 18. Bxe5 Qxe5 19. hxg4 hxg4 20. Nxg4 Qf4 21. Ne3 d4 22. g3 Qf7 23. Ng2 e5 24. Qd3 Bf5 25. Ne4 Bxe4 26. Qxe4 Qxc4 27. Qxb7 d3 28. Nh4 e4 29. Nf5 Qf7 30. Ne7+ Kh8 31. Qxe4 g6 32. Nxg6+ Kg7 33. Nxf8 Rxf8 34. Rxd3 1-0

[Event "Czech Open GM 2020"]
[Site "Pardubice"]
[Date "2020.09.25"]
[Round "5.12"]
[White "Szpar, Milosz"]
[Black "Nemec, Jachym"]
[Result "1-0"]
[ECO "B33"]
[WhiteElo "2397"]
[BlackElo "2150"]
[Annotator "NA"]
[PlyCount "79"]
[EventDate "2020.09.21"]
[EventCountry "CZE"]
[SourceTitle "playchess.com"]
[Source "ChessBase"]
[SourceQuality "1"]
[TimeControl "40/5400+30:1800+30"]

1. e4 c5 2. Nf3 Nc6 3. d4 cxd4 4. Nxd4 Nf6 5. Nc3 e5 6. Ndb5 d6 7. Bg5 a6 8. Na3 b5 9. Bxf6 gxf6 10. Nd5 Bg7 11. Bd3 Ne7 12. Nxe7 Qxe7 13. c4 O-O 14. O-O f5 15. Qh5 Rb8 16. exf5 e4 17. Rae1 Bb7 18. b3 Rfe8 19. Nc2 bxc4 20. Bxc4 Rbd8 21. Ne3 d5 22. Bxd5 Bxd5 23. f6 Qxf6 24. Nxd5 Qb2 25. Rd1 Qxa2 26. Ne7+ Kf8 27. Rxd8 Rxd8 28. Nf5 Qb2 29. Qxh7 Re8 30. h4 Be5 31. Qh6+ Kg8 32. Qxa6 Qxb3 33. Re1 Qc3 34. Qe2 Re6 35. g3 Bd4 36. Rd1 Bf6 37. Qg4+ Kf8 38. h5 Re5 39. h6 Qa5 40. Nd6 1-0

[Event "Czech Open GM 2020"]
[Site "Pardubice"]
[Date "2020.09.25"]
[Round "5.13"]
[White "Trybus, Daniel"]
[Black "Sorensen, Hampus"]
[Result "0-1"]
[ECO "C47"]
[WhiteElo "1997"]
[BlackElo "2361"]
[Annotator "NA"]
[PlyCount "60"]
[EventDate "2020.09.21"]
[EventCountry "CZE"]
[SourceTitle "playchess.com"]
[Source "ChessBase"]
[SourceQuality "1"]
[TimeControl "40/5400+30:1800+30"]

1. e4 e5 2. Nf3 Nc6 3. Nc3 Nf6 4. d4 exd4 5. Nxd4 Bc5 6. Be3 Bb6 7. Qd2 Ng4 8. Nf5 Nxe3 9. Nxe3 O-O 10. O-O-O d6 11. f4 Re8 12. g3 Ba5 13. Bg2 Rb8 14. Nc4 Bb4 15. a3 Bc5 16. h3 b5 17. e5 Bd7 18. Ne4 Bd4 19. c3 bxc4 20. cxd4 Rb3 21. d5 c3 22. Nxc3 Na5 23. exd6 Rxa3 24. Qd3 Nb3+ 25. Kb1 Ra1+ 26. Kc2 Nc5 27. Qc4 Bf5+ 28. Kd2 Rxd1+ 29. Rxd1 cxd6 30. b4 Bd3 0-1

[Event "Czech Open GM 2020"]
[Site "Pardubice"]
[Date "2020.09.25"]
[Round "5.14"]
[White "Lizak, Peter"]
[Black "Jedlicka, Ales"]
[Result "1/2-1/2"]
[ECO "B51"]
[WhiteElo "2457"]
[BlackElo "2197"]
[Annotator "ChessBase"]
[PlyCount "88"]
[EventDate "2020.09.21"]
[EventCountry "CZE"]
[SourceTitle "playchess.com"]
[Source "ChessBase"]
[SourceQuality "1"]
[TimeControl "40/5400+30:1800+30"]

1. e4 c5 2. Nf3 d6 3. Bb5+ Nd7 4. Ba4 e6 5. O-O Ngf6 6. d4 cxd4 7. Qxd4 Be7 8. c4 O-O 9. Nc3 e5 10. Qe3 Nb6 11. b3 Nxa4 12. Nxa4 a6 13. h3 Rb8 14. c5 dxc5 15. Bb2 Nd7 16. Nxe5 Qc7 17. Nd3 b5 18. Nc3 Nb6 19. Nd5 Nxd5 20. exd5 Bf5 21. Be5 Bd6 22. Bxd6 Qxd6 23. Qxc5 Rbd8 24. Qxd6 Rxd6 25. Nb4 Re8 26. Rfe1 Kf8 27. Rxe8+ Kxe8 28. Re1+ Kd7 29. Nc6 Kc7 30. f4 f6 31. g4 Bc8 32. Re8 Bb7 33. Re7+ Rd7 34. Rxd7+ Kxd7 35. Nd4 Bxd5 36. a3 g6 37. h4 Kd6 38. Kf2 Kc5 39. Ke3 a5 40. g5 f5 41. Kd3 Be4+ 42. Ke3 Bd5 43. Kd3 Be4+ 44. Ke3 Bd5 1/2-1/2

[Event "Czech Open GM 2020"]
[Site "Pardubice"]
[Date "2020.09.25"]
[Round "5.15"]
[White "Koziak, Vitali"]
[Black "Pogan, Nikolas"]
[Result "1/2-1/2"]
[ECO "A49"]
[WhiteElo "2434"]
[BlackElo "2212"]
[Annotator "NA"]
[PlyCount "77"]
[EventDate "2020.09.21"]
[EventCountry "CZE"]
[SourceTitle "playchess.com"]
[Source "ChessBase"]
[SourceQuality "1"]
[TimeControl "40/5400+30:1800+30"]

1. Nf3 Nf6 2. g3 g6 3. b3 Bg7 4. Bb2 d6 5. d4 O-O 6. Bg2 a5 7. O-O c6 8. c4 Bf5 9. Nc3 Ne4 10. Nh4 Nxc3 11. Bxc3 Be6 12. Rc1 d5 13. e4 dxe4 14. Bxe4 Nd7 15. Re1 Nf6 16. Bg2 a4 17. Rxe6 fxe6 18. Qe2 Qd6 19. Bh3 axb3 20. axb3 Kh8 21. Bxe6 Ne8 22. Qg4 Rf6 23. d5 Rxe6 24. Qxe6 Qxe6 25. dxe6 Bxc3 26. Rxc3 Nc7 27. Rd3 Nxe6 28. Rd7 Nc5 29. Rxe7 Ra1+ 30. Kg2 Rb1 31. Re8+ Kg7 32. Re5 b6 33. Re7+ Kg8 34. Rc7 Rxb3 35. Rxc6 Rb2 36. Rc8+ Kg7 37. Rc7+ Kg8 38. Rc8+ Kg7 39. Rc7+ 1/2-1/2

[Event "Czech Open GM 2020"]
[Site "Pardubice"]
[Date "2020.09.25"]
[Round "5.16"]
[White "Arkell, Keith C"]
[Black "Siekanski, Janusz"]
[Result "1/2-1/2"]
[ECO "D34"]
[WhiteElo "2429"]
[BlackElo "2184"]
[Annotator "NA"]
[PlyCount "76"]
[EventDate "2020.09.21"]
[EventCountry "CZE"]
[SourceTitle "playchess.com"]
[Source "ChessBase"]
[SourceQuality "1"]
[TimeControl "40/5400+30:1800+30"]

1. d4 d5 2. Nf3 e6 3. c4 c5 4. cxd5 exd5 5. g3 Nf6 6. Bg2 Nc6 7. O-O Be7 8. Nc3 O-O 9. dxc5 Bxc5 10. Bg5 d4 11. Bxf6 Qxf6 12. Nd5 Qd8 13. Nd2 Re8 14. Rc1 Bf8 15. Nb3 Bg4 16. Re1 Re5 17. Nf4 Bb4 18. Nd2 d3 19. Nxd3 Bxe2 20. Rxe2 Qxd3 21. Be4 Qd8 22. a3 Bxd2 23. Rxd2 Qb6 24. Qc2 g6 25. Bxc6 Rc8 26. Rd6 Rxc6 27. Rxc6 bxc6 28. Rd1 h5 29. Rd6 Re1+ 30. Kg2 Qb5 31. Rd8+ Kh7 32. Rd3 h4 33. gxh4 Qf5 34. Qd2 Qe4+ 35. Rf3 Qg4+ 36. Rg3 Qe4+ 37. Rf3 Qg4+ 38. Rg3 Qe4+ 1/2-1/2

[Event "Czech Open GM 2020"]
[Site "Pardubice"]
[Date "2020.09.25"]
[Round "5.17"]
[White "Balinski, Damian"]
[Black "Seger, Ruediger"]
[Result "1/2-1/2"]
[ECO "D80"]
[WhiteElo "2158"]
[BlackElo "2312"]
[Annotator "NA"]
[PlyCount "46"]
[EventDate "2020.09.21"]
[EventCountry "CZE"]
[SourceTitle "playchess.com"]
[Source "ChessBase"]
[SourceQuality "1"]
[TimeControl "40/5400+30:1800+30"]

1. d4 Nf6 2. c4 g6 3. Nc3 d5 4. e3 Bg7 5. Qb3 e6 6. Qa3 b6 7. Nf3 Bb7 8. cxd5 exd5 9. Bd2 a6 10. Ne5 Nbd7 11. Nxd7 Qxd7 12. Rc1 Bf8 13. Qa4 Bd6 14. Be2 Qxa4 15. Nxa4 Ne4 16. a3 Kd7 17. Bb4 Bc6 18. Bxd6 Kxd6 19. Nc3 Rhe8 20. Nxe4+ Rxe4 21. Bf3 Re7 22. O-O Bb7 23. Rfd1 f5 1/2-1/2

[Event "Czech Open GM 2020"]
[Site "Pardubice"]
[Date "2020.09.25"]
[Round "5.18"]
[White "Wahlund, Max"]
[Black "Bulockin, Martin"]
[Result "0-1"]
[ECO "A37"]
[WhiteElo "2153"]
[BlackElo "2297"]
[Annotator "NA"]
[PlyCount "106"]
[EventDate "2020.09.21"]
[EventCountry "CZE"]
[SourceTitle "playchess.com"]
[Source "ChessBase"]
[SourceQuality "1"]
[TimeControl "40/5400+30:1800+30"]

1. Nf3 c5 2. c4 Nc6 3. Nc3 g6 4. g3 Bg7 5. Bg2 e5 6. O-O d6 7. a3 Nge7 8. Rb1 a5 9. d3 O-O 10. Ne1 Be6 11. Bg5 f6 12. Be3 Rb8 13. Nc2 Qd7 14. b4 axb4 15. axb4 b6 16. Re1 f5 17. Bg5 f4 18. Bxe7 Nxe7 19. Ne4 Kh8 20. Ra1 cxb4 21. Nxb4 d5 22. cxd5 Nxd5 23. Nxd5 Bxd5 24. Qa4 Bc6 25. Qb4 fxg3 26. fxg3 Bh6 27. Rf1 Be3+ 28. Kh1 Kg7 29. Qd6 Qxd6 30. Nxd6 Rxf1+ 31. Rxf1 Bxg2+ 32. Kxg2 b5 33. Rf7+ Kg8 34. Rb7 Rxb7 35. Nxb7 Bb6 36. Nd6 b4 37. Nc4 Bd4 38. e3 Bc3 39. Na5 e4 40. dxe4 Kf7 41. Kf3 Ke6 42. Kf4 Kd6 43. h4 Be5+ 44. Kg5 Bxg3 45. h5 gxh5 46. Kxh5 Kc5 47. Kg4 Bc7 48. Nb3+ Kc4 49. Nd4 Bb6 50. Nf3 Kc3 51. e5 b3 52. e6 Bc5 53. Nd4 b2 0-1

[Event "Czech Open GM 2020"]
[Site "Pardubice"]
[Date "2020.09.25"]
[Round "5.20"]
[White "Kueppers, Timo"]
[Black "Pacl, Vaclav"]
[Result "1/2-1/2"]
[ECO "D32"]
[WhiteElo "2277"]
[BlackElo "2007"]
[Annotator "NA"]
[PlyCount "88"]
[EventDate "2020.09.21"]
[EventCountry "CZE"]
[SourceTitle "playchess.com"]
[Source "ChessBase"]
[SourceQuality "1"]
[TimeControl "40/5400+30:1800+30"]

1. Nf3 d5 2. d4 e6 3. c4 c5 4. cxd5 exd5 5. Nc3 Nc6 6. dxc5 d4 7. Na4 Bxc5 8. Nxc5 Qa5+ 9. Qd2 Qxc5 10. a3 a5 11. b4 Qb6 12. b5 Qxb5 13. Nxd4 Nxd4 14. Qxd4 Nf6 15. e4 Qc6 16. Qe5+ Kf8 17. Bd3 Be6 18. Be3 Ng4 19. Qc5+ Qxc5 20. Bxc5+ Kg8 21. O-O Ne5 22. Be2 a4 23. Rab1 Bb3 24. f4 Nc6 25. e5 h6 26. Bd3 g6 27. e6 fxe6 28. Bxg6 Kg7 29. Be4 Rhd8 30. Rf3 Kf7 31. Rh3 Kg7 32. Rg3+ Kf7 33. f5 e5 34. Rg6 Nd4 35. Rxh6 Ne2+ 36. Kf2 Nc3 37. Re1 Rd2+ 38. Ke3 Nxe4 39. Kxe4 Rxg2 40. Rh7+ Rg7 41. Rxg7+ Kxg7 42. Rg1+ Kf7 43. Bd6 Bc2+ 44. Ke3 Kf6 1/2-1/2

[Event "Czech Open GM 2020"]
[Site "Pardubice"]
[Date "2020.09.26"]
[Round "6.1"]
[White "Van Foreest, Lucas"]
[Black "Noe, Christopher"]
[Result "1-0"]
[ECO "B47"]
[WhiteElo "2531"]
[BlackElo "2519"]
[Annotator "ChessBase"]
[PlyCount "67"]
[EventDate "2020.09.21"]
[EventCountry "CZE"]
[SourceTitle "playchess.com"]
[Source "ChessBase"]
[SourceQuality "1"]
[TimeControl "40/5400+30:1800+30"]

1. e4 c5 2. Nf3 e6 3. d4 cxd4 4. Nxd4 Nc6 5. Nc3 Qc7 6. Nxc6 dxc6 7. f4 e5 8. f5 Nf6 9. g4 h6 10. Qf3 Bc5 11. Bd2 Bd7 12. Be2 O-O-O 13. O-O-O Bd4 14. Bc4 Be8 15. Ne2 Bc5 16. Ng3 b5 17. Be2 Nd7 18. Nh5 Bf8 19. f6 g6 20. Ng7 Nc5 21. b4 Na4 22. Qb3 a6 23. c4 c5 24. Nxe8 Rxe8 25. cxb5 cxb4+ 26. Kb1 Nc5 27. Qxb4 Kb8 28. bxa6+ Ka8 29. Qc4 Rb8+ 30. Ka1 Bd6 31. Be3 Rhc8 32. Qd5+ Qc6 33. Qxc6+ Rxc6 34. Bc4 1-0

[Event "Czech Open GM 2020"]
[Site "Pardubice"]
[Date "2020.09.26"]
[Round "6.2"]
[White "Kevlishvili, Robby"]
[Black "Golubka, Petro"]
[Result "1/2-1/2"]
[ECO "B33"]
[WhiteElo "2478"]
[BlackElo "2488"]
[Annotator "ChessBase"]
[PlyCount "117"]
[EventDate "2020.09.21"]
[EventCountry "CZE"]
[SourceTitle "playchess.com"]
[Source "ChessBase"]
[SourceQuality "1"]
[TimeControl "40/5400+30:1800+30"]

1. e4 c5 2. Nf3 Nc6 3. d4 cxd4 4. Nxd4 Nf6 5. Nc3 e5 6. Ndb5 d6 7. Bg5 a6 8. Na3 b5 9. Nd5 Be7 10. Bxf6 Bxf6 11. c3 O-O 12. Nc2 Bg5 13. a4 bxa4 14. Rxa4 a5 15. Bc4 Rb8 16. b3 Kh8 17. h4 Bh6 18. Nce3 Bxe3 19. Nxe3 Ne7 20. O-O f5 21. exf5 Nxf5 22. Nxf5 Bxf5 23. Qd5 Bg6 24. g3 Bf7 25. Qxa5 d5 26. Bb5 Qf6 27. c4 d4 28. Qd2 e4 29. Re1 Bg6 30. Ra6 Qe5 31. f4 Qh5 32. Qxd4 Rbd8 33. Qf2 Rd3 34. c5 Rxb3 35. Bf1 Rc3 36. c6 Qd5 37. Rb6 Rf3 38. Rb5 Qxc6 39. Qc5 Rxg3+ 40. Kh2 Qxc5 41. Rxc5 Rf3 42. h5 Bf5 43. Re5 Rxf4 44. Be2 g5 45. hxg6 Bxg6 46. Kg3 Kg7 47. Bh5 R4f5 48. Re7+ Kf6 49. Bxg6 Rg5+ 50. Kf4 Kxg6+ 51. Kxe4 Rg4+ 52. Ke3 Rg3+ 53. Ke4 h5 54. Rh1 Rg4+ 55. Ke3 Rf6 56. Re8 h4 57. Rg8+ Kh5 58. Rh8+ Rh6 59. Rxh6+ 1/2-1/2

[Event "Czech Open GM 2020"]
[Site "Pardubice"]
[Date "2020.09.26"]
[Round "6.3"]
[White "Jarmula, Lukasz"]
[Black "Stocek, Jiri"]
[Result "1-0"]
[ECO "E32"]
[WhiteElo "2444"]
[BlackElo "2595"]
[Annotator "ChessBase"]
[PlyCount "79"]
[EventDate "2020.09.21"]
[EventCountry "CZE"]
[SourceTitle "playchess.com"]
[Source "ChessBase"]
[SourceQuality "1"]
[TimeControl "40/5400+30:1800+30"]

1. d4 Nf6 2. c4 e6 3. Nc3 Bb4 4. Qc2 O-O 5. e4 d6 6. e5 Nfd7 7. Nf3 c5 8. exd6 cxd4 9. Nxd4 Nc6 10. Nxc6 bxc6 11. Be3 Bxd6 12. Rd1 Qc7 13. g3 Ne5 14. Be2 f5 15. O-O Nf7 16. f4 Rb8 17. b3 Re8 18. Bf3 e5 19. Bg2 exf4 20. Bxf4 Bxf4 21. gxf4 Be6 22. Qf2 Rbd8 23. Qc5 Rxd1 24. Nxd1 Nd8 25. Nb2 Re7 26. Nd3 Rd7 27. Qe3 Qd6 28. Ne5 Rc7 29. c5 Qe7 30. Rd1 a5 31. Rd6 Bf7 32. Qd2 Rc8 33. Bxc6 Nxc6 34. Nxc6 Qf8 35. Rd8 Rxd8 36. Qxd8 Be8 37. Nd4 Kf7 38. Qd5+ Kg6 39. c6 Qf6 40. c7 1-0

[Event "Czech Open GM 2020"]
[Site "Pardubice"]
[Date "2020.09.26"]
[Round "6.4"]
[White "Zwardon, Vojtech"]
[Black "Plat, Vojtech"]
[Result "1/2-1/2"]
[ECO "A22"]
[WhiteElo "2455"]
[BlackElo "2566"]
[Annotator "ChessBase"]
[PlyCount "159"]
[EventDate "2020.09.21"]
[EventCountry "CZE"]
[SourceTitle "playchess.com"]
[Source "ChessBase"]
[SourceQuality "1"]
[TimeControl "40/5400+30:1800+30"]

1. c4 e5 2. g3 Nf6 3. Bg2 Be7 4. Nc3 O-O 5. Nf3 d6 6. O-O c6 7. Qc2 a5 8. Rd1 Nbd7 9. b3 Re8 10. d4 Qc7 11. Bb2 Bf8 12. Na4 b6 13. Rac1 Bb7 14. c5 bxc5 15. dxe5 dxe5 16. Nd2 Ba6 17. Ne4 c4 18. bxc4 Rab8 19. c5 Nxe4 20. Qxe4 Bb5 21. Ba3 Nf6 22. Qc2 e4 23. Nb6 Re5 24. Rd4 Qe7 25. Nc4 Bxc4 26. Rxc4 Rb5 27. Bb2 Rexc5 28. Rxc5 Rxc5 29. Qxc5 Qxc5 30. Rxc5 Bxc5 31. Bxf6 gxf6 32. Bxe4 Kg7 33. Bxc6 h6 34. Bd7 Bb4 35. Kg2 Be1 36. Kf3 Bb4 37. Ke4 Be1 38. f3 Bb4 39. Kd5 Kf8 40. Ba4 Be1 41. Ke4 Bb4 42. Kf5 Kg7 43. Bb3 Be1 44. Kg4 Bf2 45. f4 Bg1 46. Kf3 Bc5 47. Bc4 Bb6 48. e4 Bg1 49. Bb3 Bc5 50. Kg4 Bg1 51. h3 Bd4 52. Kf5 Bc3 53. g4 Bd2 54. h4 Be1 55. g5 fxg5 56. hxg5 hxg5 57. fxg5 Bb4 58. Bd1 Be7 59. Bh5 Bb4 60. e5 Bc3 61. Ke4 Bd2 62. Kf5 Bc3 63. Bd1 Bd2 64. Bc2 Bc3 65. a4 Bd2 66. Bb3 Bc3 67. Bd1 Bd2 68. Bh5 Bc3 69. g6 fxg6+ 70. Bxg6 Bxe5 71. Kxe5 Kxg6 72. Kd6 Kf6 73. Kc7 Ke7 74. Kb6 Kd8 75. Kxa5 Kc7 76. Ka6 Kb8 77. a5 Ka8 78. Kb6 Kb8 79. a6 Ka8 80. a7 1/2-1/2

[Event "Czech Open GM 2020"]
[Site "Pardubice"]
[Date "2020.09.26"]
[Round "6.5"]
[White "Petr, Martin"]
[Black "Jurcik, Marian"]
[Result "1/2-1/2"]
[ECO "B08"]
[WhiteElo "2484"]
[BlackElo "2426"]
[Annotator "ChessBase"]
[PlyCount "101"]
[EventDate "2020.09.21"]
[EventCountry "CZE"]
[SourceTitle "playchess.com"]
[Source "ChessBase"]
[SourceQuality "1"]
[TimeControl "40/5400+30:1800+30"]

1. Nf3 g6 2. e4 d6 3. d4 Nf6 4. Nc3 Bg7 5. Be3 a6 6. Bd3 O-O 7. h3 Nc6 8. O-O e5 9. dxe5 Nxe5 10. Nxe5 dxe5 11. Bc4 Qe7 12. a4 Be6 13. Qe2 Nh5 14. Bxe6 Qxe6 15. Nd5 Rac8 16. Rfd1 Nf6 17. f3 Nxd5 18. exd5 Qf5 19. c4 Rcd8 20. Qd3 Rfe8 21. Qxf5 gxf5 22. Rab1 f4 23. Bf2 f5 24. Kf1 Kf7 25. b4 Bf6 26. b5 axb5 27. Rxb5 e4 28. fxe4 fxe4 29. Rxb7 e3 30. Rxc7+ Kg6 31. Rd3 Rb8 32. Rc6 Kf5 33. Be1 e2+ 34. Kg1 Rb1 35. Rxf6+ Kxf6 36. Kf2 Rc1 37. d6 Ke6 38. Bd2 Kd7 39. Be1 Rxc4 40. a5 Re6 41. Ra3 Kxd6 42. a6 Rc8 43. Bd2 Re4 44. Ra1 Kd5 45. Kf3 Re6 46. Be1 Ra8 47. a7 Re7 48. Bf2 Raxa7 49. Bxa7 e1=Q 50. Rxe1 Rxe1 51. Kxf4 1/2-1/2

[Event "Czech Open GM 2020"]
[Site "Pardubice"]
[Date "2020.09.26"]
[Round "6.6"]
[White "Szpar, Milosz"]
[Black "Vrolijk, Liam"]
[Result "1/2-1/2"]
[ECO "C78"]
[WhiteElo "2397"]
[BlackElo "2481"]
[Annotator "ChessBase"]
[PlyCount "49"]
[EventDate "2020.09.21"]
[EventCountry "CZE"]
[SourceTitle "playchess.com"]
[Source "ChessBase"]
[SourceQuality "1"]
[TimeControl "40/5400+30:1800+30"]

1. e4 e5 2. Nf3 Nc6 3. Bb5 a6 4. Ba4 Nf6 5. O-O Bc5 6. c3 b5 7. Bb3 d6 8. d4 Bb6 9. a4 Rb8 10. a5 Ba7 11. h3 O-O 12. Be3 exd4 13. cxd4 Nb4 14. Nc3 Bb7 15. e5 dxe5 16. dxe5 Bxe3 17. fxe3 Ne4 18. e6 fxe6 19. Bxe6+ Kh8 20. Qxd8 Rfxd8 21. Nxe4 Bxe4 22. Ne5 Re8 23. Nf7+ Kg8 24. Ng5+ Kh8 25. Nf7+ 1/2-1/2